Description

test

Replay - Hurricane v Rogue: Game 3 - Backwater LE

Build Order

Get SALT Encoding   

  12  0:00  Drone  
  13  0:13  Overlord  
  13  0:16  Drone  
  14  0:31  Drone x2  
  16  0:48  Hatchery  
  15  0:51  Drone x2  
  17  0:58  Drone  
  18  1:08  Extractor  
  17  1:15  Spawning Pool  
  17  1:17  Drone x2  
  18  1:29  Drone  
  20  1:50  Overlord  
  20  2:02  Queen x2  
  20  2:03  Zergling x4  
  26  2:09  Metabolic Boost  
  32  2:43  Hatchery  
  31  2:49  Overlord  
  32  2:54  Zergling x4  
  39  3:18  Overlord  
  43  3:30  Spore Crawler x2  
  43  3:39  Queen, Overlord  
  45  3:47  Lair  
  46  3:51  Zergling x4  
  50  3:57  Queen  
  54  4:06  Extractor x2  
  54  4:13  Spore Crawler  
  57  4:34  Queen, Roach Warren  
  58  4:47  Queen  
  58  4:49  Nydus Network  
  59  4:53  Queen  
  64  5:14  Roach x7  
  74  5:24  Roach x3  
  80  5:35  Nydus Canal  
  96  5:59  Nydus Canal  
  92  6:22  Queen  
  92  6:32  Zergling x6  
  89  6:47  Queen  
  93  6:53  Nydus Canal  
  95  6:59  Zergling x2  
Spawning Tool Build Advisor. Get it on Overwolf

Go to:

Details

  • Created by: nadrox
  • Published on: Mar 09, 2018
  • Modified on: Mar 09, 2018
  • Patch: 4.0.0
Show
View Real Time Build Order
Export as new Build Order

Comments (0)

There are no comments. Be the first!

Create an account to comment!